Map: Abyssal Reef LE

Players

Pain - Winner!

  • Race: Terran Terran
  • Spawn Location: 5:00

A.I. 1 (Easy)

  • Race: Protoss Protoss
  • Spawn Location: 11:00

VOD

Have the link to the VOD?

Description

Time

  • Played on: Sept. 4, 2017, 4:04 p.m.
  • Length: 17:03
Show
View Real Time Build Order
Export as new Build Order

Pain Terran - Winner!

Build Orders:  

Get SALT Encoding   

  12  0:21  Supply Depot  
  12  0:31  SCV  
  13  0:43  SCV  
  14  0:51  Engineering Bay  
  14  0:57  Barracks  
  14  1:13  SCV  
  15  1:19  Refinery  
  15  1:25  SCV  
  16  1:37  SCV  
  17  1:48  Supply Depot  
  17  1:49  SCV  
  18  2:01  SCV  
  18  2:06  Bunker  
  19  2:13  Barracks Reactor  
  19  2:19  Supply Depot  
  19  2:27  SCV  
  20  2:39  SCV  
  20  2:42  Supply Depot  
  21  2:51  SCV  
  22  2:54  Supply Depot  
  22  2:55  Marine  
  22  2:56  Marine  
  24  3:03  Terran Infantry Weapons Level 1  
  24  3:13  Marine x2  
  24  3:18  Missile Turret  
  26  3:31  Marine x2  
  28  3:39  Factory  
  28  3:48  Supply Depot  
  28  3:49  Marine x2  
  28  3:50  Refinery  
  28  3:52  SCV  
  31  4:04  SCV  
  31  4:07  Marine x2  
  34  4:16  SCV  
  35  4:24  Marine  
  35  4:25  Marine  
  37  4:42  Marine x2  
  39  4:46  Factory Tech Lab  
  39  4:58  Terran Infantry Armor Level 1  
  39  5:02  Supply Depot  
  39  5:13  Factory  
  39  5:24  Marine x2  
  41  5:42  Marine x2  
  40  6:00  Marine x2  
  40  6:18  Marine x2  
  37  7:25  Siege Tank  
  40  7:32  Factory Reactor  
  41  7:44  Reaper x2  
  42  7:55  Supply Depot  
  42  7:58  Siege Tank  
  45  8:16  Reaper x2  
  47  8:24  Command Center  
  47  8:30  Siege Tank  
  51  8:48  Reaper x2  
  52  9:02  Siege Tank  
  55  9:20  Reaper x2  
  57  9:34  Siege Tank  
  52  10:06  Siege Tank  
  55  10:16  Hellion x2  
  59  10:22  Marine  
  59  10:23  Marine  
  61  10:37  Hellion x2  
  61  10:38  Siege Tank  
  61  10:40  Marine x2  
  70  10:58  Marine x2  
  70  10:59  Hellion x2  
  76  11:10  Siege Tank  
  79  11:16  Marine x2  
  81  11:20  Hellion x2  
  84  11:42  Siege Tank  
  80  12:14  Siege Tank  
  77  12:27  Hellion x2  
  81  12:30  Marine x2  
  83  12:46  Siege Tank  
  83  12:48  Hellion, Marine x2  
  83  12:49  Hellion  
  90  13:05  Marine  
  90  13:06  Marine  
  90  13:10  Hellion  
  90  13:11  Hellion  
  92  13:19  Siege Tank  
  93  13:23  Marine x2  
  92  13:31  Hellion  
  93  13:49  Hellion  
  92  13:56  Siege Tank  
  89  14:28  Siege Tank  
  71  14:55  Hellion x2  
  75  15:17  Hellion x2  
  79  15:38  Hellion  
Show
View Real Time Build Order
Export as new Build Order

A.I. 1 (Easy) Protoss 

Build Orders:  

Get SALT Encoding   

  12  0:01  Probe (Chrono Boost)  
  13  0:11  Probe (Chrono Boost)  
  14  0:19  Pylon  
  14  0:22  Probe (Chrono Boost)  
  15  0:37  Probe (Chrono Boost)  
  15  0:39  Gateway  
  16  0:44  Assimilator  
  16  0:54  Pylon  
  16  1:17  Assimilator  
  16  1:27  Cybernetics Core  
  16  1:31  Zealot  
  19  1:47  Probe (Chrono Boost)  
  19  2:00  Warp Gate, Pylon  
  19  2:03  Adept, Probe (Chrono Boost)  
  22  2:14  Probe (Chrono Boost)  
  23  2:26  Probe (Chrono Boost)  
  24  2:30  Adept  
  27  2:37  Probe (Chrono Boost)  
  27  2:49  Probe (Chrono Boost)  
  28  2:55  Stalker  
  30  5:39  Sentry  
  30  5:41  Pylon, Probe (Chrono Boost)  
  33  5:48  Nexus  
  32  5:57  Probe (Chrono Boost)  
  32  6:00  Stalker  
  32  6:01  Robotics Facility  
  28  6:05  Pylon  
  28  6:08  Probe (Chrono Boost)  
  27  6:19  Probe (Chrono Boost)  
  27  6:22  Stalker  
  30  6:35  Probe (Chrono Boost)  
  29  6:44  Zealot  
  29  6:46  Probe (Chrono Boost)  
  30  6:49  Observer  
  32  7:01  Probe (Chrono Boost)  
  32  7:05  Stalker  
  32  7:06  Probe (Chrono Boost)  
  35  7:09  Assimilator  
  35  7:10  Observer  
  35  7:11  Assimilator  
  35  7:12  Probe (Chrono Boost)  
  37  7:17  Probe (Chrono Boost)  
  39  7:24  Probe (Chrono Boost)  
  39  7:27  Sentry  
  39  7:28  Probe (Chrono Boost)  
  42  7:35  Probe (Chrono Boost)  
  43  7:38  Probe (Chrono Boost)  
  44  7:47  Probe (Chrono Boost)  
  44  7:48  Adept  
  44  7:49  Probe (Chrono Boost)  
  48  7:58  Probe (Chrono Boost)  
  49  7:59  Probe (Chrono Boost)  
  50  8:08  Probe (Chrono Boost)  
  50  8:10  Stalker, Probe (Chrono Boost)  
  54  8:19  Probe (Chrono Boost)  
  55  8:21  Probe (Chrono Boost)  
  56  8:31  Sentry, Probe x2 (Chrono Boost)  
  60  8:42  Probe x2 (Chrono Boost)  
  60  8:46  Pylon  
  62  8:53  Probe (Chrono Boost)  
  62  8:54  Probe (Chrono Boost)  
  64  9:43  Adept  
  64  9:45  Observer  
  64  10:18  Warp Prism  
  66  10:21  Adept  
  66  10:23  Gateway  
  66  10:26  Forge  
  66  10:28  Robotics Bay  
  68  10:29  Stargate  
  68  10:32  Pylon  
  68  10:40  Stalker  
  60  10:43  Twilight Council  
  56  10:52  Warp Prism  
  58  10:58  Nexus  
  58  11:01  Stalker  
  55  11:14  Observer Gravitic Boosters  
  55  11:16  Void Ray  
  55  11:17  Probe (Chrono Boost)  
  39  11:26  Gateway  
  39  11:28  Observer  
  39  11:29  Probe (Chrono Boost)  
  39  11:30  Stalker, Pylon  
  38  11:41  Probe (Chrono Boost)  
  31  11:52  Probe (Chrono Boost)  
  35  11:59  Stalker  
  30  12:03  Probe (Chrono Boost)  
  29  12:09  Gravitic Drive  
  29  12:11  Void Ray  
  29  12:12  Nexus  
  29  12:13  Probe (Chrono Boost)  
  29  12:14  Probe (Chrono Boost)  
  35  12:15  Pylon  
  35  12:23  Probe (Chrono Boost)  
  35  12:25  Probe (Chrono Boost)  
  35  12:26  Assimilator  
  35  12:28  Zealot, Forge  
  39  12:30  Assimilator  
  39  12:32  Gateway  
  39  12:33  Robotics Facility  
  39  12:34  Probe (Chrono Boost)  
  41  12:37  Probe (Chrono Boost)  
  41  12:44  Probe (Chrono Boost)  
  41  12:47  Stalker  
  41  12:50  Probe (Chrono Boost)  
  45  12:55  Probe (Chrono Boost)  
  42  13:01  Probe (Chrono Boost)  
  42  13:02  Void Ray  
  42  13:05  Probe (Chrono Boost)  
  43  13:13  Probe (Chrono Boost)  
  43  13:16  Stalker, Probe (Chrono Boost)  
  45  13:20  Warp Prism  
  45  13:24  Pylon  
  45  13:25  Probe (Chrono Boost)  
  42  13:31  Zealot  
  44  13:44  Nexus  
  44  13:45  Zealot  
  44  13:46  Templar Archives  
  40  13:57  Void Ray  
  44  14:06  Pylon  
  35  14:14  Zealot  
  36  14:21  Probe (Chrono Boost)  
  36  14:26  Immortal  
  40  14:33  Probe (Chrono Boost)  
  40  14:35  Forge  
  38  14:40  Void Ray  
  38  14:45  Probe (Chrono Boost)  
  31  14:50  Gateway  
  29  14:56  Probe x2 (Chrono Boost)  
  31  15:03  Immortal  
  35  15:08  Probe (Chrono Boost)  
  37  15:21  Probe (Chrono Boost)  
  37  15:27  Probe (Chrono Boost)  
  38  15:32  Probe (Chrono Boost)  
  39  15:38  Probe (Chrono Boost)  
  42  15:43  Probe (Chrono Boost)  
  42  15:49  Pylon  
  43  15:52  Probe (Chrono Boost)  
  42  16:00  Probe (Chrono Boost)  
  26  16:05  Pylon  
  26  16:10  Probe (Chrono Boost)  
  22  16:19  Gateway  
  20  16:27  Templar Archives  
  20  16:30  Probe (Chrono Boost)  
Tags
 
Matchup
PvT
Replay Pack
RP
Spawn Locations
Cross Positions
Add a new tag
Caveats
  • Supply blocks, unpowered buildings, or Contaminate may cause inaccurate times.
  • Supply counts are checked every 10 seconds.